Sharks vs Wild

Created - February 19 2008 at 19:12

Goals
1 2 3 T
Sharks 1 4 0 5
Wild 0 1 1 2
Shots
1 2 3 T
Sharks 10 12 3 25
Wild 9 3 10 22

Period #1

1. Sharks , Chris Higgins 8 (Christoph Schubert, Chris Kelly) at 11:18

Penalties :
Philippe Boucher (MIN) for Hooking (Minor) at 0:11, Sean Hill (MIN) for Roughing (Minor) at 8:48, Christoph Schubert (SJS) for Hooking (Minor) at 12:24, Anton Volchenkov (SJS) for Tripping (Minor) at 16:04

Period #2

2. Sharks , Ilya Kovalchuk 25 (Vincent Lecavalier, Kimmo Timonen) at 6:59
3. Sharks , Tomas Plekanec 10 (Vincent Lecavalier, Brad Richards) at 8:24
4. Sharks , Vincent Lecavalier 37 (Ilya Kovalchuk, Kimmo Timonen) at 8:42
5. Wild , Mikael Samuelsson 13 (Rod Brind'Amour, Sean Hill) at 11:36
6. Sharks , Jason Pominville 18 (Kimmo Timonen, Ilya Kovalchuk) at 12:56

Penalties :
Olli Jokinen (MIN) for Tripping (Minor) at 4:02, Andrei Markov (SJS) for Hooking (Minor) at 7:51, Mats Sundin (MIN) for Roughing (Minor) at 7:57, Anton Volchenkov (SJS) for Slashing (Minor) at 9:21, Lee Stempniak (SJS) for Hooking (Minor) at 13:24, Kimmo Timonen (SJS) for Holding (Minor) at 17:53

Period #3

7. Wild , Chris Simon 5 (Ray Whitney, Philippe Boucher) at 10:53

Penalties :
Kim Johnsson (MIN) for Hooking (Minor) at 2:23, Christoph Schubert (SJS) for Roughing (Minor) at 6:32, Mike Komisarek (SJS) for Hooking (Minor) at 14:01, Sean Hill (MIN) for Holding (Minor) at 18:40

Goalie Stats

Rick Dipietro (SJS), 20 saves from 22 shots - (0.909), W, 22-12-7, 60:00 minutes
Manny Fernandez (MIN), 12 saves from 16 shots - (0.750), L, 9-14-3, 28:42 minutes
Manny Legace (MIN), 8 saves from 9 shots - (0.889), 31:18 minutes

Players Stats

Sharks
Player Name              G  A  P  +/- PIM S  H  SB FO MP 
-----------------------------------------------------------
Andrei Markov            0  0  0   2  2   0  1  2  0  24 
Anton Volchenkov         0  0  0   0  4   0  4  1  0  22 
Brad Richards            0  1  1   0  0   3  0  0  0  19 
Chris Higgins            1  0  1   0  0   1  0  0  1  13 
Chris Kelly              0  1  1   0  0   2  3  0  17 20 
Christoph Schubert       0  1  1   0  4   0  2  0  0  13 
Dustin Brown             0  0  0   0  0   1  1  0  0  5  
Ilya Kovalchuk           1  2  3   3  0   4  1  0  1  15 
Jason Pominville         1  0  1   3  0   1  0  1  2  24 
Ken Klee                 0  0  0   1  0   0  1  0  0  6  
Kimmo Timonen            0  3  3   3  2   0  2  4  0  23 
Lee Stempniak            0  0  0  -1  2   4  1  0  1  18 
Markus Naslund           0  0  0  -1  0   3  1  0  2  17 
Maxime Talbot            0  0  0   0  0   0  1  0  8  12 
Mike Komisarek           0  0  0  -1  2   0  0  1  0  17 
Tomas Plekanec           1  0  1   0  0   4  0  0  33 24 
Vincent Lecavalier       1  2  3   4  0   1  4  0  17 17 
Willie Mitchell          0  0  0   0  0   1  1  1  0  13 
Wild
Player Name              G  A  P  +/- PIM S  H  SB FO MP 
-----------------------------------------------------------
Brian Rolston            0  0  0  -3  0   2  0  0  2  23 
Chris Simon              1  0  1   1  0   1  1  0  0  7  
Curtis Brown             0  0  0   0  0   1  1  1  9  16 
Duncan Keith             0  0  0   0  0   1  2  1  0  10 
Jozef Stumpel            0  0  0  -1  0   1  1  0  2  24 
Kim Johnsson             0  0  0   1  2   0  2  0  0  14 
Marian Gaborik           0  0  0   0  0   4  0  0  0  16 
Mathieu Schneider        0  0  0  -3  0   2  0  2  0  23 
Mats Sundin              0  0  0  -1  2   1  2  0  25 19 
Michal Rozsival          0  0  0   0  0   2  0  1  0  23 
Mikael Samuelsson        1  0  1   0  0   1  1  0  1  13 
Niclas Havelid           0  0  0   0  0   0  0  0  0  0  
Olli Jokinen             0  0  0  -1  2   2  1  0  19 16 
Patrick Rissmiller       0  0  0   0  0   0  0  1  2  18 
Philippe Boucher         0  1  1  -3  2   2  2  0  0  24 
Ray Whitney              0  1  1  -1  0   1  0  0  0  18 
Rod Brind'Amour          0  1  1  -1  0   1  2  0  22 19 
Sean Hill                0  1  1  -1  4   0  4  4  0  22 

3 Stars

1 - Vincent Lecavalier (SJS)
2 - Ilya Kovalchuk (SJS)
3 - Kimmo Timonen (SJS)

Power Play

Sharks - 0 on 6 Attempt(s) - 0.00%
Wild - 0 on 8 Attempt(s) - 0.00%

Penalty Kill

Sharks - 8 on 8 Attempt(s) - 100.00% - Score 0 goal in Penalty Kill
Wild - 6 on 6 Attempt(s) - 100.00% - Score 0 goal in Penalty Kill

Game Notes

Duncan Keith is injured at 19:59 of 1st period (Sore Left Knee)
Manny Legace enters game at 8:42 of 2nd period

Finance

Level 1 -- Attendance: 3916 (65.27%) -- Ticket Income $391,600.00
Level 2 -- Attendance: 3614 (72.28%) -- Ticket Income $216,840.00
Level 3 -- Attendance: 1444 (69.96%) -- Ticket Income $50,540.00
Level 4 -- Attendance: 3438 (85.95%) -- Ticket Income $68,760.00
Luxury Box -- Attendance: 664 (66.40%) -- Ticket Income $132,800.00
Game was played at the Xcel Energy Center
Total Attendance: 13076 (72.39%)
Total Ticket Income: $936,258.50
Other Income: $173,484.00
Total Income: $1,109,742.00


Play by Play

Period #1

0:01 of 1st period - Mats Sundin wins face-off versus Vincent Lecavalier in neutral zone.
0:09 of 1st period - Ray Whitney is hit by Vincent Lecavalier and loses puck.
0:11 of 1st period - Minor Penalty to Philippe Boucher for Hooking.
0:12 of 1st period - Curtis Brown wins face-off versus Tomas Plekanec in Wild zone.
0:36 of 1st period - Shot by Tomas Plekanec.
0:36 of 1st period - Stopped by Manny Fernandez with a rebound.
1:34 of 1st period - Shot by Ilya Kovalchuk.
1:34 of 1st period - Shot Blocked by Curtis Brown.
1:40 of 1st period - Shot by Vincent Lecavalier.
1:40 of 1st period - Deflect By Ilya Kovalchuk.
1:40 of 1st period - Stopped by Manny Fernandez without a rebound.
1:41 of 1st period - Tomas Plekanec wins face-off versus Rod Brind'Amour in Wild zone.
1:46 of 1st period - Shot by Markus Naslund.
1:46 of 1st period - Stopped by Manny Fernandez with a rebound.
2:04 of 1st period - Shot by Brad Richards.
2:04 of 1st period - Stopped by Manny Fernandez without a rebound.
2:05 of 1st period - Vincent Lecavalier wins face-off versus Jozef Stumpel in Wild zone.
2:21 of 1st period - Shot by Chris Higgins.
2:21 of 1st period - Shot Misses the Net.
2:27 of 1st period - Shot by Chris Higgins.
2:27 of 1st period - Shot Misses the Net.
2:31 of 1st period - Shot by Lee Stempniak.
2:31 of 1st period - Stopped by Manny Fernandez without a rebound.
2:32 of 1st period - Curtis Brown wins face-off versus Maxime Talbot in Wild zone.
2:39 of 1st period - Shot by Duncan Keith.
2:39 of 1st period - Stopped by Rick Dipietro without a rebound.
2:40 of 1st period - Vincent Lecavalier wins face-off versus Olli Jokinen in Sharks zone.
2:40 of 1st period - Vincent Lecavalier is hit by Jozef Stumpel.
2:59 of 1st period - Marian Gaborik is hit by Kimmo Timonen and loses puck.
3:29 of 1st period - Off-side.
3:30 of 1st period - Mats Sundin wins face-off versus Tomas Plekanec in neutral zone.
3:52 of 1st period - Icing by Mike Komisarek.
3:53 of 1st period - Tomas Plekanec wins face-off versus Rod Brind'Amour in Sharks zone.
4:17 of 1st period - Shot by Brad Richards.
4:17 of 1st period - Stopped by Manny Fernandez without a rebound.
4:18 of 1st period - Brian Rolston wins face-off versus Chris Kelly in Wild zone.
4:49 of 1st period - Shot by Brian Rolston.
4:49 of 1st period - Shot Misses the Net.
4:53 of 1st period - Shot by Brian Rolston.
4:53 of 1st period - Stopped by Rick Dipietro without a rebound.
4:54 of 1st period - Olli Jokinen wins face-off versus Vincent Lecavalier in Sharks zone.
4:56 of 1st period - Jozef Stumpel is hit by Kimmo Timonen and loses puck.
4:59 of 1st period - Shot by Jozef Stumpel.
4:59 of 1st period - Shot Misses the Net.
5:07 of 1st period - Shot by Jozef Stumpel.
5:07 of 1st period - Shot Blocked by Kimmo Timonen.
5:11 of 1st period - Shot by Jozef Stumpel.
5:11 of 1st period - Shot Blocked by Andrei Markov.
5:15 of 1st period - Shot by Marian Gaborik.
5:15 of 1st period - Stopped by Rick Dipietro without a rebound.
5:16 of 1st period - Rod Brind'Amour wins face-off versus Tomas Plekanec in Sharks zone.
5:16 of 1st period - Mikael Samuelsson is hit by Anton Volchenkov and loses puck.
5:38 of 1st period - Brad Richards is hit by Sean Hill and loses puck.
5:41 of 1st period - Shot by Tomas Plekanec.
5:41 of 1st period - Shot Misses the Net.
5:52 of 1st period - Off-side.
5:53 of 1st period - Vincent Lecavalier wins face-off versus Mats Sundin in neutral zone.
6:28 of 1st period - Icing by Mats Sundin.
6:29 of 1st period - Mats Sundin wins face-off versus Chris Higgins in Wild zone.
7:35 of 1st period - Icing by Duncan Keith.
7:36 of 1st period - Vincent Lecavalier wins face-off versus Curtis Brown in Wild zone.
7:36 of 1st period - Vincent Lecavalier is hit by Duncan Keith.
7:50 of 1st period - Shot by Vincent Lecavalier.
7:50 of 1st period - Deflect By Ilya Kovalchuk.
7:50 of 1st period - Shot Misses the Net.
8:11 of 1st period - Ray Whitney is hit by Vincent Lecavalier and loses puck.
8:48 of 1st period - Minor Penalty to Sean Hill for Roughing.
8:49 of 1st period - Tomas Plekanec wins face-off versus Rod Brind'Amour in Wild zone.
9:02 of 1st period - Shot by Lee Stempniak.
9:02 of 1st period - Shot Misses the Net.
9:16 of 1st period - Shot by Markus Naslund.
9:16 of 1st period - Shot Blocked by Patrick Rissmiller.
11:00 of 1st period - Shot by Mats Sundin.
11:00 of 1st period - Shot Misses the Net.
11:14 of 1st period - Shot by Chris Kelly.
11:14 of 1st period - Stopped by Manny Fernandez with a rebound.
11:18 of 1st period - Shot by Chris Higgins.
11:18 of 1st period - Goal by Chris Higgins - Sharks : 1 - Wild : 0.
11:19 of 1st period - Maxime Talbot wins face-off versus Rod Brind'Amour in neutral zone.
11:21 of 1st period - Vincent Lecavalier is hit by Mikael Samuelsson and loses puck.
11:26 of 1st period - Patrick Rissmiller is hit by Vincent Lecavalier and loses puck.
11:41 of 1st period - Shot by Rod Brind'Amour.
11:41 of 1st period - Shot Hit the Post.
11:47 of 1st period - Shot by Rod Brind'Amour.
11:47 of 1st period - Shot Blocked by Andrei Markov.
12:18 of 1st period - Shot by Lee Stempniak.
12:18 of 1st period - Stopped by Manny Fernandez without a rebound.
12:19 of 1st period - Brian Rolston wins face-off versus Chris Kelly in Wild zone.
12:19 of 1st period - Brian Rolston is hit by Chris Kelly.
12:24 of 1st period - Minor Penalty to Christoph Schubert for Hooking.
12:25 of 1st period - Mats Sundin wins face-off versus Tomas Plekanec in Sharks zone.
12:25 of 1st period - Ray Whitney is hit by Anton Volchenkov and loses puck.
12:45 of 1st period - Icing by Michal Rozsival.
12:46 of 1st period - Chris Kelly wins face-off versus Mats Sundin in Wild zone.
13:41 of 1st period - Icing by Jozef Stumpel.
13:42 of 1st period - Maxime Talbot wins face-off versus Olli Jokinen in Wild zone.
13:42 of 1st period - Kimmo Timonen is hit by Sean Hill and loses puck.
13:57 of 1st period - Shot by Olli Jokinen.
13:57 of 1st period - Stopped by Rick Dipietro without a rebound.
13:58 of 1st period - Maxime Talbot wins face-off versus Olli Jokinen in Sharks zone.
14:07 of 1st period - Shot by Marian Gaborik.
14:07 of 1st period - Deflect By Olli Jokinen.
14:07 of 1st period - Shot Misses the Net.
15:15 of 1st period - Off-side.
15:16 of 1st period - Mats Sundin wins face-off versus Tomas Plekanec in neutral zone.
15:23 of 1st period - Shot by Ray Whitney.
15:23 of 1st period - Shot Misses the Net.
15:25 of 1st period - Shot by Mats Sundin.
15:25 of 1st period - Shot Misses the Net.
15:27 of 1st period - Shot by Ray Whitney.
15:27 of 1st period - Deflect By Mats Sundin.
15:27 of 1st period - Shot Hit the Post.
15:29 of 1st period - Shot by Mats Sundin.
15:29 of 1st period - Shot Blocked by Anton Volchenkov.
15:33 of 1st period - Shot by Ray Whitney.
15:33 of 1st period - Stopped by Rick Dipietro without a rebound.
15:34 of 1st period - Curtis Brown wins face-off versus Vincent Lecavalier in Sharks zone.
15:51 of 1st period - Shot by Ilya Kovalchuk.
15:51 of 1st period - Stopped by Manny Fernandez without a rebound.
15:52 of 1st period - Mats Sundin wins face-off versus Tomas Plekanec in Wild zone.
16:04 of 1st period - Minor Penalty to Anton Volchenkov for Tripping.
16:05 of 1st period - Olli Jokinen wins face-off versus Tomas Plekanec in Sharks zone.
16:19 of 1st period - Shot by Marian Gaborik.
16:19 of 1st period - Deflect By Olli Jokinen.
16:19 of 1st period - Stopped by Rick Dipietro without a rebound.
16:20 of 1st period - Mats Sundin wins face-off versus Chris Kelly in Sharks zone.
16:55 of 1st period - Shot by Philippe Boucher.
16:55 of 1st period - Stopped by Rick Dipietro without a rebound.
16:56 of 1st period - Olli Jokinen wins face-off versus Tomas Plekanec in Sharks zone.
17:10 of 1st period - Off-side.
17:11 of 1st period - Jozef Stumpel wins face-off versus Chris Kelly in neutral zone.
17:16 of 1st period - Shot by Marian Gaborik.
17:16 of 1st period - Stopped by Rick Dipietro with a rebound.
17:18 of 1st period - Shot by Olli Jokinen.
17:18 of 1st period - Shot Blocked by Kimmo Timonen.
17:20 of 1st period - Shot by Olli Jokinen.
17:20 of 1st period - Deflect By Marian Gaborik.
17:20 of 1st period - Stopped by Rick Dipietro without a rebound.
17:21 of 1st period - Olli Jokinen wins face-off versus Chris Kelly in Sharks zone.
17:50 of 1st period - Shot by Olli Jokinen.
17:50 of 1st period - Shot Misses the Net.
18:06 of 1st period - Icing by Jason Pominville.
18:07 of 1st period - Rod Brind'Amour wins face-off versus Tomas Plekanec in Sharks zone.
18:17 of 1st period - Brad Richards is hit by Sean Hill and loses puck.
18:36 of 1st period - Shot by Markus Naslund.
18:36 of 1st period - Shot Misses the Net.
18:42 of 1st period - Shot by Markus Naslund.
18:42 of 1st period - Shot Misses the Net.
19:26 of 1st period - Shot by Vincent Lecavalier.
19:26 of 1st period - Shot Blocked by Sean Hill.
19:35 of 1st period - Vincent Lecavalier is hit by Duncan Keith and loses puck.
19:59 of 1st period - Shot by Lee Stempniak.
19:59 of 1st period - Shot Blocked by Duncan Keith.
19:59 of 1st period - Duncan Keith from Wild is injured at 19:59 of 1st period (Sore Left Knee).

Period #2

0:01 of 2nd period - Mats Sundin wins face-off versus Vincent Lecavalier in neutral zone.
0:09 of 2nd period - Icing by Andrei Markov.
0:10 of 2nd period - Olli Jokinen wins face-off versus Vincent Lecavalier in Sharks zone.
1:26 of 2nd period - Shot by Rod Brind'Amour.
1:26 of 2nd period - Shot Misses the Net.
1:34 of 2nd period - Rod Brind'Amour is hit by Markus Naslund and loses puck.
2:00 of 2nd period - Icing by Mathieu Schneider.
2:01 of 2nd period - Maxime Talbot wins face-off versus Rod Brind'Amour in Wild zone.
2:08 of 2nd period - Shot by Dustin Brown.
2:08 of 2nd period - Shot Blocked by Sean Hill.
3:19 of 2nd period - Shot by Mats Sundin.
3:19 of 2nd period - Shot Blocked by Willie Mitchell.
3:52 of 2nd period - Shot by Lee Stempniak.
3:52 of 2nd period - Stopped by Manny Fernandez without a rebound.
3:53 of 2nd period - Olli Jokinen wins face-off versus Tomas Plekanec in Wild zone.
3:53 of 2nd period - Olli Jokinen is hit by Anton Volchenkov.
4:02 of 2nd period - Minor Penalty to Olli Jokinen for Tripping.
4:03 of 2nd period - Tomas Plekanec wins face-off versus Rod Brind'Amour in Sharks zone.
4:12 of 2nd period - Shot by Brad Richards.
4:12 of 2nd period - Stopped by Manny Fernandez without a rebound.
4:13 of 2nd period - Tomas Plekanec wins face-off versus Rod Brind'Amour in Wild zone.
6:00 of 2nd period - Shot by Tomas Plekanec.
6:00 of 2nd period - Deflect By Markus Naslund.
6:00 of 2nd period - Stopped by Manny Fernandez without a rebound.
6:01 of 2nd period - Rod Brind'Amour wins face-off versus Vincent Lecavalier in Wild zone.
6:03 of 2nd period - Icing by Michal Rozsival.
6:04 of 2nd period - Chris Kelly wins face-off versus Rod Brind'Amour in Wild zone.
6:19 of 2nd period - Lee Stempniak is hit by Rod Brind'Amour and loses puck.
6:53 of 2nd period - Shot by Marian Gaborik.
6:53 of 2nd period - Stopped by Rick Dipietro without a rebound.
6:54 of 2nd period - Ilya Kovalchuk wins face-off versus Mats Sundin in Sharks zone.
6:59 of 2nd period - Shot by Ilya Kovalchuk.
6:59 of 2nd period - Goal by Ilya Kovalchuk - Sharks : 2 - Wild : 0.
7:00 of 2nd period - Maxime Talbot wins face-off versus Olli Jokinen in neutral zone.
7:32 of 2nd period - Olli Jokinen is hit by Andrei Markov.
7:47 of 2nd period - Andrei Markov is hit by Mats Sundin and loses puck.
7:51 of 2nd period - Minor Penalty to Andrei Markov for Hooking.
7:52 of 2nd period - Mats Sundin wins face-off versus Tomas Plekanec in Sharks zone.
7:54 of 2nd period - Ray Whitney is hit by Anton Volchenkov.
7:57 of 2nd period - Minor Penalty to Mats Sundin for Roughing.
7:58 of 2nd period - Rod Brind'Amour wins face-off versus Tomas Plekanec in Sharks zone.
8:13 of 2nd period - Rod Brind'Amour is hit by Vincent Lecavalier and loses puck.
8:22 of 2nd period - Shot by Vincent Lecavalier.
8:22 of 2nd period - Shot Misses the Net.
8:24 of 2nd period - Shot by Tomas Plekanec.
8:24 of 2nd period - Goal by Tomas Plekanec - Sharks : 3 - Wild : 0.
8:25 of 2nd period - Vincent Lecavalier wins face-off versus Olli Jokinen in neutral zone.
8:42 of 2nd period - Shot by Vincent Lecavalier.
8:42 of 2nd period - Goal by Vincent Lecavalier - Sharks : 4 - Wild : 0.
8:42 of 2nd period - Manny Legace enters game.
8:43 of 2nd period - Tomas Plekanec wins face-off versus Olli Jokinen in neutral zone.
9:10 of 2nd period - Shot by Tomas Plekanec.
9:10 of 2nd period - Stopped by Manny Legace with a rebound.
9:21 of 2nd period - Minor Penalty to Anton Volchenkov for Slashing.
9:22 of 2nd period - Vincent Lecavalier wins face-off versus Rod Brind'Amour in neutral zone.
9:57 of 2nd period - Rod Brind'Amour is hit by Chris Kelly and loses puck.
10:12 of 2nd period - Chris Kelly is hit by Mats Sundin and loses puck.
11:23 of 2nd period - Icing by Olli Jokinen.
11:24 of 2nd period - Patrick Rissmiller wins face-off versus Chris Kelly in Wild zone.
11:24 of 2nd period - Patrick Rissmiller is hit by Lee Stempniak.
11:36 of 2nd period - Shot by Mikael Samuelsson.
11:36 of 2nd period - Goal by Mikael Samuelsson - Sharks : 4 - Wild : 1.
11:37 of 2nd period - Rod Brind'Amour wins face-off versus Tomas Plekanec in neutral zone.
11:42 of 2nd period - Shot by Patrick Rissmiller.
11:42 of 2nd period - Shot Hit the Post.
11:45 of 2nd period - Icing by Tomas Plekanec.
11:46 of 2nd period - Rod Brind'Amour wins face-off versus Tomas Plekanec in Sharks zone.
12:35 of 2nd period - Ilya Kovalchuk is hit by Sean Hill and loses puck.
12:52 of 2nd period - Shot by Ilya Kovalchuk.
12:52 of 2nd period - Shot Misses the Net.
12:54 of 2nd period - Shot by Kimmo Timonen.
12:54 of 2nd period - Shot Blocked by Sean Hill.
12:56 of 2nd period - Shot by Jason Pominville.
12:56 of 2nd period - The goal is going for a video replay.
12:56 of 2nd period - The goal is good.
12:56 of 2nd period - Goal by Jason Pominville - Sharks : 5 - Wild : 1.
12:57 of 2nd period - Chris Kelly wins face-off versus Olli Jokinen in neutral zone.
13:16 of 2nd period - Michal Rozsival is hit by Chris Kelly and loses puck.
13:24 of 2nd period - Minor Penalty to Lee Stempniak for Hooking.
13:25 of 2nd period - Mats Sundin wins face-off versus Chris Kelly in neutral zone.
14:06 of 2nd period - Shot by Tomas Plekanec.
14:06 of 2nd period - Stopped by Manny Legace without a rebound.
14:07 of 2nd period - Jason Pominville wins face-off versus Olli Jokinen in Wild zone.
14:37 of 2nd period - Shot by Mathieu Schneider.
14:37 of 2nd period - Stopped by Rick Dipietro without a rebound.
14:38 of 2nd period - Chris Kelly wins face-off versus Mats Sundin in Sharks zone.
15:31 of 2nd period - Willie Mitchell is hit by Chris Simon and loses puck.
15:46 of 2nd period - Shot by Vincent Lecavalier.
15:46 of 2nd period - Deflect By Chris Higgins.
15:46 of 2nd period - Shot Blocked by Mathieu Schneider.
15:48 of 2nd period - Shot by Willie Mitchell.
15:48 of 2nd period - Stopped by Manny Legace without a rebound.
15:49 of 2nd period - Mikael Samuelsson wins face-off versus Tomas Plekanec in Wild zone.
15:53 of 2nd period - Icing by Rod Brind'Amour.
15:54 of 2nd period - Maxime Talbot wins face-off versus Patrick Rissmiller in Wild zone.
16:13 of 2nd period - Shot by Dustin Brown.
16:13 of 2nd period - Stopped by Manny Legace without a rebound.
16:14 of 2nd period - Chris Kelly wins face-off versus Curtis Brown in Wild zone.
16:14 of 2nd period - Chris Higgins is hit by Kim Johnsson and loses puck.
16:18 of 2nd period - Chris Kelly is hit by Philippe Boucher and loses puck.
16:23 of 2nd period - Shot by Chris Higgins.
16:23 of 2nd period - Shot Misses the Net.
16:25 of 2nd period - Shot by Chris Kelly.
16:25 of 2nd period - Shot Misses the Net.
16:27 of 2nd period - Shot by Chris Kelly.
16:27 of 2nd period - Stopped by Manny Legace without a rebound.
16:28 of 2nd period - Mats Sundin wins face-off versus Tomas Plekanec in Wild zone.
16:32 of 2nd period - Icing by Brian Rolston.
16:33 of 2nd period - Markus Naslund wins face-off versus Mats Sundin in Wild zone.
17:14 of 2nd period - Icing by Brad Richards.
17:15 of 2nd period - Tomas Plekanec wins face-off versus Olli Jokinen in Sharks zone.
17:53 of 2nd period - Minor Penalty to Kimmo Timonen for Holding.
17:54 of 2nd period - Mats Sundin wins face-off versus Chris Kelly in Sharks zone.
17:55 of 2nd period - Shot by Philippe Boucher.
17:55 of 2nd period - Shot Misses the Net.
18:23 of 2nd period - Mats Sundin is hit by Maxime Talbot and loses puck.
19:17 of 2nd period - Off-side.
19:18 of 2nd period - Tomas Plekanec wins face-off versus Mats Sundin in neutral zone.
19:26 of 2nd period - Icing by Curtis Brown.
19:27 of 2nd period - Tomas Plekanec wins face-off versus Mats Sundin in Wild zone.
19:44 of 2nd period - Icing by Curtis Brown.
19:45 of 2nd period - Chris Kelly wins face-off versus Mats Sundin in Wild zone.

Period #3

0:01 of 3rd period - Mats Sundin wins face-off versus Jason Pominville in neutral zone.
0:37 of 3rd period - Icing by Andrei Markov.
0:38 of 3rd period - Vincent Lecavalier wins face-off versus Olli Jokinen in Sharks zone.
1:10 of 3rd period - Vincent Lecavalier is hit by Olli Jokinen and loses puck.
1:22 of 3rd period - Shot by Olli Jokinen.
1:22 of 3rd period - Shot Misses the Net.
2:09 of 3rd period - Shot by Mats Sundin.
2:09 of 3rd period - Shot Blocked by Mike Komisarek.
2:11 of 3rd period - Shot by Mats Sundin.
2:11 of 3rd period - Stopped by Rick Dipietro without a rebound.
2:12 of 3rd period - Chris Kelly wins face-off versus Rod Brind'Amour in Sharks zone.
2:12 of 3rd period - Chris Kelly is hit by Rod Brind'Amour.
2:23 of 3rd period - Minor Penalty to Kim Johnsson for Hooking.
2:24 of 3rd period - Tomas Plekanec wins face-off versus Rod Brind'Amour in Wild zone.
3:12 of 3rd period - Off-side.
3:13 of 3rd period - Rod Brind'Amour wins face-off versus Markus Naslund in neutral zone.
3:58 of 3rd period - Olli Jokinen is hit by Ilya Kovalchuk.
4:28 of 3rd period - Icing by Michal Rozsival.
4:29 of 3rd period - Olli Jokinen wins face-off versus Chris Kelly in Wild zone.
4:52 of 3rd period - Shot by Brian Rolston.
4:52 of 3rd period - Stopped by Rick Dipietro without a rebound.
4:53 of 3rd period - Rod Brind'Amour wins face-off versus Tomas Plekanec in Sharks zone.
5:50 of 3rd period - Jozef Stumpel is hit by Willie Mitchell and loses puck.
5:57 of 3rd period - Shot by Mathieu Schneider.
5:57 of 3rd period - Stopped by Rick Dipietro with a rebound.
6:15 of 3rd period - Shot by Curtis Brown.
6:15 of 3rd period - Shot Misses the Net.
6:19 of 3rd period - Shot by Jozef Stumpel.
6:19 of 3rd period - Stopped by Rick Dipietro with a rebound.
6:32 of 3rd period - Minor Penalty to Christoph Schubert for Roughing.
6:33 of 3rd period - Tomas Plekanec wins face-off versus Mats Sundin in Sharks zone.
8:46 of 3rd period - Mikael Samuelsson is hit by Ken Klee and loses puck.
9:07 of 3rd period - Shot by Mikael Samuelsson.
9:07 of 3rd period - Shot Blocked by Kimmo Timonen.
10:51 of 3rd period - Shot by Ray Whitney.
10:51 of 3rd period - Shot Misses the Net.
10:53 of 3rd period - Shot by Chris Simon.
10:53 of 3rd period - Goal by Chris Simon - Sharks : 5 - Wild : 2.
10:54 of 3rd period - Vincent Lecavalier wins face-off versus Curtis Brown in neutral zone.
10:59 of 3rd period - Shot by Vincent Lecavalier.
10:59 of 3rd period - Shot Blocked by Mathieu Schneider.
11:49 of 3rd period - Shot by Chris Kelly.
11:49 of 3rd period - Shot Blocked by Michal Rozsival.
11:51 of 3rd period - Shot by Chris Kelly.
11:51 of 3rd period - Deflect By Chris Higgins.
11:51 of 3rd period - Shot Blocked by Sean Hill.
11:55 of 3rd period - Shot by Lee Stempniak.
11:55 of 3rd period - Shot Misses the Net.
12:00 of 3rd period - Icing by Olli Jokinen.
12:01 of 3rd period - Chris Kelly wins face-off versus Olli Jokinen in Wild zone.
12:18 of 3rd period - Shot by Chris Kelly.
12:18 of 3rd period - Shot Misses the Net.
13:12 of 3rd period - Tomas Plekanec is hit by Curtis Brown and loses puck.
13:45 of 3rd period - Shot by Mats Sundin.
13:45 of 3rd period - Shot Hit the Post.
13:47 of 3rd period - Shot by Mats Sundin.
13:47 of 3rd period - Shot Misses the Net.
13:49 of 3rd period - Shot by Philippe Boucher.
13:49 of 3rd period - Shot Misses the Net.
13:56 of 3rd period - Icing by Mike Komisarek.
13:57 of 3rd period - Rod Brind'Amour wins face-off versus Tomas Plekanec in Sharks zone.
14:01 of 3rd period - Minor Penalty to Mike Komisarek for Hooking.
14:02 of 3rd period - Vincent Lecavalier wins face-off versus Mats Sundin in Sharks zone.
14:53 of 3rd period - Shot by Olli Jokinen.
14:53 of 3rd period - Shot Misses the Net.
15:15 of 3rd period - Shot by Olli Jokinen.
15:15 of 3rd period - Shot Blocked by Kimmo Timonen.
15:17 of 3rd period - Shot by Michal Rozsival.
15:17 of 3rd period - Stopped by Rick Dipietro with a rebound.
15:19 of 3rd period - Shot by Michal Rozsival.
15:19 of 3rd period - Stopped by Rick Dipietro without a rebound.
15:20 of 3rd period - Rod Brind'Amour wins face-off versus Tomas Plekanec in Sharks zone.
15:21 of 3rd period - Shot by Philippe Boucher.
15:21 of 3rd period - Shot Blocked by Jason Pominville.
15:23 of 3rd period - Shot by Philippe Boucher.
15:23 of 3rd period - Stopped by Rick Dipietro without a rebound.
15:24 of 3rd period - Tomas Plekanec wins face-off versus Mats Sundin in Sharks zone.
16:04 of 3rd period - Rod Brind'Amour is hit by Christoph Schubert.
16:07 of 3rd period - Mikael Samuelsson is hit by Christoph Schubert.
16:27 of 3rd period - Shot by Lee Stempniak.
16:27 of 3rd period - Stopped by Manny Legace without a rebound.
16:28 of 3rd period - Olli Jokinen wins face-off versus Tomas Plekanec in Wild zone.
17:53 of 3rd period - Icing by Mathieu Schneider.
17:54 of 3rd period - Vincent Lecavalier wins face-off versus Mats Sundin in Wild zone.
17:59 of 3rd period - Shot by Ilya Kovalchuk.
17:59 of 3rd period - Stopped by Manny Legace without a rebound.
18:00 of 3rd period - Maxime Talbot wins face-off versus Curtis Brown in Wild zone.
18:00 of 3rd period - Kimmo Timonen is hit by Kim Johnsson and loses puck.
18:06 of 3rd period - Chris Simon is hit by Dustin Brown and loses puck.
18:17 of 3rd period - Shot by Curtis Brown.
18:17 of 3rd period - Stopped by Rick Dipietro without a rebound.
18:18 of 3rd period - Rod Brind'Amour wins face-off versus Tomas Plekanec in Sharks zone.
18:23 of 3rd period - Shot by Rod Brind'Amour.
18:23 of 3rd period - Stopped by Rick Dipietro with a rebound.
18:40 of 3rd period - Minor Penalty to Sean Hill for Holding.
18:41 of 3rd period - Curtis Brown wins face-off versus Vincent Lecavalier in Wild zone.
18:59 of 3rd period - Vincent Lecavalier is hit by Philippe Boucher and loses puck.
19:51 of 3rd period - Shot by Markus Naslund.
19:51 of 3rd period - Stopped by Manny Legace without a rebound.
19:52 of 3rd period - Curtis Brown wins face-off versus Lee Stempniak in Wild zone.


Output by the SimonT Hockey Simulator (STHS) for Stephane Roy -- Original Page W3C XHTML 1.0 Valid